 Dungeon Crawl Stone Soup version 0.30-a0-578-gdee14c521f (webtiles) character file.

Game seed: 18108220825231722645

175 PyroL the Changer (level 5, 0/33 HPs)
             Began as an Octopode Transmuter on Jan 1, 2023.
             Constricted to death by a ball python (1 damage)
             ... on level 3 of the Dungeon.
             The game lasted 00:05:44 (2942 turns).

PyroL the Changer (Octopode Transmuter)             Turns: 2942, Time: 00:05:44

Health: 0/33       AC:  1    Str: 10    XL:     5   Next: 55%
Magic:  6/8        EV: 10    Int: 17    God:
Gold:   143        SH:  0    Dex: 12    Spells: 5/8 levels left

rFire   . . .      SeeInvis .      - Unarmed
rCold   . . .      Faith    .    (no shield)
rNeg    . . .      Spirit   .    (helmet currently unavailable)
rPois   .          Reflect  .    (no amulet)
rElec   .          Harm     .    (no ring)
rCorr   .          Rampage  .    (no ring)
Will    .....                    (no ring)
Stlth   ++                       (no ring)
HPRegen 0.25/turn                (no ring)
MPRegen 0.11/turn                (no ring)
                                 (no ring)
                                 (no ring)

@: brilliant, about to teleport, appendages (expiring), constricted
A: tentacle spike 3, almost no armour, amphibious, 8 rings, camouflage 1,
gelatinous body 1, (nimble swimmer 1), tentacles
a: End Transformation


You were on level 3 of the Dungeon.
One of your tentacles had grown a beastly spike.
You visited 1 branch of the dungeon, and saw 3 of its levels.

You collected 143 gold pieces.

Inventory:

Missiles
 i - 5 curare-tipped darts
 j - 3 poisoned darts
Scrolls
 c - a scroll of blinking {unknown}
 d - a scroll of fear {unknown}
 e - 2 scrolls of torment {unknown}
 f - 2 scrolls of brand weapon
 h - 2 scrolls of enchant armour {unknown}
 k - a scroll of magic mapping {unknown}
 l - a scroll of vulnerability {unknown}
 n - a scroll of summoning {unknown}
Potions
 a - a potion of lignification
 m - a potion of degeneration {unknown}


   Skills:
 - Level 1.0 Fighting
 - Level 2.0 Dodging
 + Level 3.3 Unarmed Combat
 - Level 2.0 Spellcasting
 + Level 4.6 Transmutations
 - Level 3.0 Poison Magic


You had 5 spell levels left.
You knew the following spells:

 Your Spells              Type           Power      Damage    Failure   Level
a - Beastly Appendage     Tmut           52%        N/A       3%          1
b - Wereblood             Tmut           26%        N/A       4%          2

Your spell library contained the following spells:

 Spells                   Type           Power      Damage    Failure   Level
 Spider Form              Tmut/Pois      22%        N/A       12%         3
 Cigotuvi's Dreadful Rot  Necr/Pois/Air  14%        N/A       19%         2
 Ice Form                 Ice/Tmut       14%        N/A       58%         4
 Dispel Undead            Necr           2%         3d7       88%         4
 Death Channel            Necr           1%         N/A       100%        6


Dungeon Overview and Level Annotations

Branches:
Dungeon (3/15)

Altars:

Shops:
D:1 (   D:2 !


Innate Abilities, Weirdness & Mutations

One of your tentacles has grown a beastly spike.
You cannot wear most types of armour.
You are amphibious.
You can wear up to eight rings at the same time.
Your skin changes colour to match your surroundings (Stealth+).
Your rubbery body absorbs attacks. (AC +1, EV +1)
((You are camouflaged when in or above water. (Stealth+)))
You have tentacles for arms and can constrict up to eight enemies at once.


Message History

The gnoll is severely wounded.
The ball python bites you.
* * * LOW HITPOINT WARNING * * *
The ball python constricts you.
You tentacle-slap the gnoll. You grab the gnoll. Your squeeze misses the gnoll.
The gnoll is almost dead.
You constrict the gnoll. The gnoll hits you with a +0 whip.
* * * LOW HITPOINT WARNING * * *
The ball python barely misses you. The ball python constricts you.
* * * LOW HITPOINT WARNING * * *
You tentacle-slap the gnoll.
You kill the gnoll!
The ball python barely misses you. The ball python constricts you.
* * * LOW HITPOINT WARNING * * *
You closely miss the ball python. Your grab misses the ball python.
Your tentacle spike misses the ball python.
The ball python barely misses you. The ball python constricts you.
* * * LOW HITPOINT WARNING * * *
A gnoll comes into view. It is wielding a +0 whip.
The ball python bites you.
* * * LOW HITPOINT WARNING * * *
The ball python constricts you.
* * * LOW HITPOINT WARNING * * *
The ball python's grasp on you weakens, but your attempt to escape fails.
Your transformation is almost over.
The ball python bites you.
* * * LOW HITPOINT WARNING * * *
The ball python constricts you.
* * * LOW HITPOINT WARNING * * *
As you read the scroll of teleportation, it crumbles to dust.
You feel strangely unstable. The ball python closely misses you.
The ball python constricts you.
* * * LOW HITPOINT WARNING * * *
Your magical contamination has completely faded away.
It was a potion of brilliance.
You feel clever all of a sudden. The ball python bites you.
* * * LOW HITPOINT WARNING * * *
The ball python constricts you.
You die...

..# #.#..⌠.....# ..#
#######.#......#.# ..#
#.......#.....##.# ..#
#####...######.### ..###
#................# ...K#
#.#####...####.#.# .##)# ..
###.####.#.# .
#)################........#
.
#..........KBS@g.........>#
.
###########################
. #


You could see a kobold brigand, a gnoll, a giant cockroach and a ball python.

Vanquished Creatures
  Ijyb (D:3)
  5 adders (D:2)
  4 gnolls
  A worm (D:2)
  2 dart slugs
  9 endoplasms
  A giant cockroach (D:2)
  7 goblins
  3 hobgoblins (D:2)
  4 kobolds
  4 quokkas (D:1)
  3 ball pythons
  7 bats
  4 frilled lizards
  4 rats
59 creatures vanquished.

Vanquished Creatures (others)
  A plant (D:2)
1 creature vanquished.

Grand Total: 60 creatures vanquished

Notes
Turn   | Place    | Note
-------+----------+-------------------------------------------
     0 | D:1      | PyroL the Octopode Transmuter began the quest for the Orb.
     0 | D:1      | Reached XP level 1. HP: 13/13 MP: 3/3
   111 | D:1      | Reached skill level 1 in Poison Magic
   263 | D:1      | Reached XP level 2. HP: 17/18 MP: 3/5
   387 | D:1      | Found Esanle Omue's Weapon Emporium.
   711 | D:1      | Reached XP level 3. HP: 23/23 MP: 4/6
   979 | D:2      | Reached skill level 3 in Transmutations
  1061 | D:2      | Reached XP level 4. HP: 16/28 MP: 7/7
  1366 | D:2      | Found Daaxt's Distillery.
  1442 | D:2      | Learned a level 2 spell: Wereblood
  1806 | D:2      | Reached skill level 4 in Transmutations
  2257 | D:2      | Reached XP level 5. HP: 17/33 MP: 6/8
  2899 | D:3      | Noticed Ijyb
  2899 | D:3      | Noticed a kobold brigand
  2918 | D:3      | Killed Ijyb
  2942 | D:3      | HP: 1/33 [ball python (2)]
  2942 | D:3      | Constricted to death by a ball python

Illustrated notes

Levels and vault maps discovered:
D:1:      roderic_crossed_star, layout_basic, serial_shops, nicolae_shop_stone
D:2:      layout_loops_ring, serial_shops, nicolae_shop_stone,
          serial_bayou_crossing
D:3:      layout_basic, shapermc_ecumenical_altar_mp_highgroup,
          kennysheep_pointless_box, dreamdust_wishing_well,
          uniq_crazy_yiuf_cottage, uniq_ijyb, uniq_jessica

Skill      XL: |  1  2  3  4 |
---------------+-------------+-----
Poison Magic   | 1 2 3 |  3.0
Transmutations | 3 4 |  4.6
Fighting       | |  1.0
Dodging        | |  2.0
Unarmed Combat | |  3.3
Spellcasting   | |  2.0

Action                   |  1- 3 |  4- 6 || total
-------------------------+-------+-------++-------
Melee: Unarmed           |    52 |    85 ||   137
       Constrict         |    21 |    20 ||    41
       Kick              |    13 |    27 ||    40
       Tentacles         |    12 |    21 ||    33
       Punch             |     2 |     2 ||     4
 Cast: Beastly Appendage |    19 |    23 ||    42
       Wereblood         |       |     1 ||     1
  Use: Scroll            |     2 |     1 ||     3
       Potion            |       |     1 ||     1
 Stab: Sleeping          |     6 |     5 ||    11
Armor: Skin              |     3 |    10 ||    13
Dodge: Dodged            |    38 |    61 ||    99

Table legend: (Time is in decaauts)
 A = Elapsed time spent in this place.
 B = Non-inter-level travel time spent in this place.
 C = Inter-level travel time spent in this place.
 D = Time resting spent in this place.
 E = Time spent auto-exploring this place.
 F = Levels seen in this place.
 G = Mean time per level.
                   A        B        C        D        E       F      G
               +--------+--------+--------+--------+--------+-----+--------+
         Total |   2933 |   2885 |     48 |    675 |   1716 |   3 |  977.7 |
       Dungeon |   2933 |   2885 |     48 |    675 |   1716 |   3 |  977.7 |
               +--------+--------+--------+--------+--------+-----+--------+

Top non-repeatable levels by time:
     D:2: 1684 daAuts
     D:1: 964 daAuts
     D:3: 284 daAuts
